 Dungeon Crawl Stone Soup version 0.23-a0-586-gacb4b3f (webtiles) character file.

49 JeffiDaFish the Grave Robber (level 3, 0/19 HPs)
             Began as a Deep Elf Necromancer on Dec 19, 2018.
             Succumbed to Crazy Yiuf's poison
             ... on level 2 of the Dungeon.
             The game lasted 00:07:26 (1048 turns).

JeffiDaFish the Grave Robber (Deep Elf Necromancer) Turns: 1048, Time: 00:07:26

Health: 0/19       AC:  4    Str:  5    XL:     3   Next: 53%
Magic:  1/10       EV: 13    Int: 20    God:
Gold:   56         SH:  0    Dex: 15    Spells: 5/9 levels left

rFire    . . .     SeeInvis .   d - +0 dagger
rCold    . . .     Gourm    .   (no shield)
rNeg     . . .     Faith    .   a - +1 robe
rPois    .         Spirit   .   e - +0 helmet
rElec    .         Reflect  .   (no cloak)
rCorr    .         Harm     .   (no gloves)
MR       .....                  (no boots)
Stlth    ++........             (no amulet)
HPRegen  0.06/turn              (no ring)
MPRegen  0.12/turn              (no ring)

@: lethally poisoned (0 -> -9)
A: no striking features
a: no special abilities


You were on level 2 of the Dungeon.
You were hungry.

You visited 1 branch of the dungeon, and saw 2 of its levels.

You collected 56 gold pieces.

Inventory:

Hand Weapons
 d - a +0 dagger (weapon)
Armour
 a - a +1 robe (worn)
 e - a +0 helmet (worn)
Scrolls
 f - a scroll of identify
Comestibles
 b - 7 chunks of flesh
 c - 4 rations


   Skills:
 + Level 3.1 Dodging
 - Level 2.4 Stealth
 + Level 3.7 Spellcasting
 * Level 5.7 Necromancy


You had 5 spell levels left.
You knew the following spells:

 Your Spells              Type           Power        Failure   Level  Hunger
a - Pain                  Necr           ####         1%          1    None
b - Vampiric Draining     Necr           ####......   3%          3    ###....

Your spell library contained the following spells:

 Spells                   Type           Power        Failure   Level  Hunger
 Animate Skeleton         Necr           N/A          1%          1    None
 Regeneration             Chrm/Necr      ###.......   12%         3    ###....
 Animate Dead             Necr           N/A          12%         4    ####...


Dungeon Overview and Level Annotations

Branches:
Dungeon (2/15)

Altars:
Qazlal

Annotations:
D:2 Crazy Yiuf


Message History

Crazy Yiuf is heavily wounded.
You feel sick. Crazy Yiuf closely misses you.
You closely miss Crazy Yiuf.
Crazy Yiuf is heavily wounded.
You feel sick.
Crazy Yiuf hits you with a +2 quarterstaff of chaos.
* * * LOW HITPOINT WARNING * * *
Crazy Yiuf burns you.
* * * LOW HITPOINT WARNING * * *
You closely miss Crazy Yiuf.
Crazy Yiuf is heavily wounded.
* * * LOW HITPOINT WARNING * * *
You feel sick.
Casting: Pain (safe; 1% risk of failure)
Confirm with . or Enter, or press ? or * to list all spells.
Aiming: Pain (safe; 1% risk of failure)
Press: ? - help, Shift-Dir - straight line, f/p - Crazy Yiuf
Aim: Crazy Yiuf, wielding a +2 quarterstaff of chaos and wearing a +0 cloak Crazy Yiuf writhes in agony!
You die...

#....#######.#######
#....# #.# ♣....♣
... ♣...♣♣ #.. ♣♣.♣♣
# ♣.♣♣ ♣♣.♣ ♣.♣♣
♣♣@♣ #g# ... #...#
#..)# ##### #.##
....


You could see Crazy Yiuf.

Vanquished Creatures
  An adder (D:2)
  2 dart slugs (D:1)
  A leopard gecko (D:2)
  3 ball pythons
  2 giant cockroaches (D:1)
  7 goblins
  2 hobgoblins
  2 jackals (D:2)
  5 bats
  A frilled lizard (D:1)
  5 kobolds
  2 rats (D:1)
33 creatures vanquished.

Notes
Turn   | Place    | Note
-------+----------+-------------------------------------------
     0 | D:1      | JeffiDaFish the Deep Elf Necromancer began the quest for
                  | the Orb.
     0 | D:1      | Reached XP level 1. HP: 10/10 MP: 6/6
   109 | D:1      | Reached skill level 5 in Necromancy
   206 | D:1      | Reached XP level 2. HP: 12/15 MP: 5/8
   819 | D:2      | Reached XP level 3. HP: 11/19 MP: 8/10
   824 | D:2      | Learned a level 3 spell: Vampiric Draining
   833 | D:2      | Found a stormy altar of Qazlal.
   958 | D:2      | Found a faded altar of an unknown god.
  1035 | D:2      | Found a runed door.
  1039 | D:2      | Noticed Crazy Yiuf
  1048 | D:2      | Succumbed to Crazy Yiuf's poison

Vault maps used:
D:1:      shiori_shiawase
D:2:      lemuel_doored_altar, overflow_temple_1_default,
          chequers_ecumenical_altar_simple_redux, grunt_qazlal_clouds,
          uniq_terence, uniq_crazy_yiuf_cottage, uniq_sigmund

Skill      XL: |  1  2 |
---------------+-------+-----
Necromancy     | 5 |  5.7
Dodging        | 3 |  3.1
Stealth        | |  2.4
Spellcasting   | |  3.7

Action                   || total
-------------------------++-------
Melee: Dagger            ||    38
 Cast: Pain              ||    35
       Vampiric Draining ||     4
  Use: Scroll            ||     3
       Potion            ||     2
Armor: Robe              ||    10
Dodge: Dodged            ||    27

Table legend:
 A = Non-vault XP
 B = Vault XP
 C = Vault XP percentage of total XP
 D = Non-vault monster count
 E = Vault monster count
 F = Vault count percentage of total count
                 A         B        C        D         E       F
            +---------+---------+-------+---------+---------+-------
      Total |      71 |       0 |   0.0 |      33 |       0 |   0.0
            +---------+---------+-------+---------+---------+-------
        D:1 |      36 |       0 |   0.0 |      20 |       0 |   0.0
        D:2 |      35 |       0 |   0.0 |      13 |       0 |   0.0
            +---------+---------+-------+---------+---------+-------
